AoeStats
← JellyGolem

Fortress

509512226Analyzed
4v4 RM · 7d ago on Sep 27, 2026· 62m 14s· 8 players
Game mode
Random Map
Map size
Huge
Population
200
Speed
Normal
Resources
Standard
Victory
Conquest
Starting age
Dark Age
Ending age
Imperial Age
RankedLock teamsTeams togetherTeam positionsShared explorationLock speedFull tech treeHidden civsTurbo modeCheats
Victory
Defeat
🇲🇽 Dravidians · Mexico
944
+14
🇫🇷 Saxons · France
937
+14
🇺🇸 Persians · United States
912
+15
🇵🇪 Sicilians · Peru
880
+17
🇺🇸 Chinese · United States
987
-19
🇺🇸 Danes · United States
907
-15
🇺🇸 Bohemians · United States
852
-22
🇺🇸 Georgians · United States
837
-32
REALMorphzilla
0:32 Loom
8:42 Feudal Age
9:22 Double-Bit Axe
12:19 Wheelbarrow
15:13 Castle Age
13:12 Stone Mining
13:14 Gold Mining
13:17 Horse Collar
15:00 Forging
14:56 Scale Barding Armor
16:08 Hand Cart
16:04 Heavy Plow
16:28 Bow Saw
25:20 Husbandry
25:31 Bloodlines
30:23 Imperial Age
27:39 Town Watch
30:32 Iron Casting
30:17 Chain Barding Armor
30:13 Cavalier
32:53 Blast Furnace
32:32 Gold Shaft Mining
31:48 Stone Mining
33:03 Two-Man Saw
32:37 Crop Rotation
31:49 Savar
33:55 Plate Barding Armor
34:59 Kamandaran
35:29 Town Patrol
38:33 Conscription
37:51 Elite Skirmisher
39:30 Crossbowman
40:16 Thumb Ring
42:34 Fletching
42:45 Padded Archer Armor
51:30 Bodkin Arrow
51:50 Leather Archer Armor
51:36 Scale Mail Armor
59:45 Light Cavalry
BearKing89
8:44 Feudal Age
13:03 Castle Age
11:50 Padded Archer Armor
11:40 Double-Bit Axe
11:39 Horse Collar
20:31 Loom
21:33 Fletching
22:12 Bodkin Arrow
24:41 Bodkin Arrow
31:23 Thumb Ring
31:42 Medical Corps
32:25 Leather Archer Armor
33:51 Ballistics
33:42 Fortified Wall
35:52 Wheelbarrow
38:10 Imperial Age
38:35 Gold Mining
39:55 Chemistry
39:40 Ring Archer Armor
39:11 Bracer
38:45 Elite Elephant Archer
40:45 Conscription
40:38 Heavy Plow
40:56 Hand Cart
54:44 Masonry
quentin-tardy
7:24 Feudal Age
9:54 Wheelbarrow
9:00 Horse Collar
9:07 Double-Bit Axe
14:52 Castle Age
13:26 Stone Mining
13:29 Gold Mining
13:40 Gold Mining
20:42 Scale Mail Armor
20:53 Forging
21:24 Hand Cart
20:54 Loom
26:13 Imperial Age
25:20 Town Watch
26:05 Chain Mail Armor
26:43 Iron Casting
26:20 Town Patrol
26:44 Squires
26:29 Gambesons
26:30 Arson
29:58 Gold Shaft Mining
29:27 Padded Archer Armor
29:17 Fletching
29:58 Plate Mail Armor
29:55 Conscription
28:57 Shield Wall
29:00 Clerical Recruitment
30:55 Bodkin Arrow
31:16 Leather Archer Armor
31:06 Elite Varangian Guard
35:24 Capped Ram
35:52 Elite Hearth Troop
36:40 Siege Ram
43:24 Bracer
43:54 Ring Archer Armor
46:07 Cranequins
46:07 Heavy Mounted Crossbowman
46:53 Thumb Ring
51:48 Chemistry
51:19 Ballistics
59:13 Husbandry
59:23 Bloodlines
Arianna Ishikawa
8:44 Feudal Age
9:32 Loom
13:18 Castle Age
11:21 Horse Collar
12:02 Double-Bit Axe
15:47 Bow Saw
15:38 Heavy Plow
18:02 Wheelbarrow
19:55 Gold Mining
25:29 Hand Cart
25:58 Gold Shaft Mining
29:23 Imperial Age
27:43 Stone Mining
29:37 Stone Shaft Mining
29:05 Scale Mail Armor
29:16 Forging
29:12 Scale Barding Armor
28:29 Pikeman
29:10 Squires
28:55 Arson
28:56 Gambesons
28:31 Man-at-Arms
29:05 Fletching
29:28 Masonry
29:13 Murder Holes
29:39 Ballistics
30:08 Bloodlines
29:58 Husbandry
29:20 Light Cavalry
29:55 Town Watch
30:33 Chain Mail Armor
30:55 Iron Casting
30:40 Chain Barding Armor
30:21 Halberdier
30:31 Cavalier
32:06 Conscription
32:45 Plate Mail Armor
34:00 Blast Furnace
33:20 Siege Engineers
34:25 Chemistry
34:12 Plate Barding Armor
34:19 Bodkin Arrow
34:24 Padded Archer Armor
34:46 Hauberk
34:45 Capped Ram
36:45 Padded Archer Armor
36:46 Bracer
36:12 Cranequins
36:14 Elite Skirmisher
36:29 Siege Ram
36:42 Long Swordsman
37:18 Two-Handed Swordsman
38:19 Champion
39:20 Heavy Mounted Crossbowman
45:08 Hoardings
48:26 Caravan
50:24 Guilds
51:14 Arrowslits
52:54 Leather Archer Armor
55:40 Elite Serjeant
56:42 First Crusade
JellyGolem
6:28 Feudal Age
6:54 Double-Bit Axe
6:51 Horse Collar
13:10 Castle Age
13:50 Wheelbarrow
15:08 Bow Saw
15:56 Scale Mail Armor
16:03 Arson
16:19 Squires
17:34 Chain Mail Armor
18:04 Heavy Plow
20:27 Hand Cart
20:07 Fletching
22:35 Loom
22:41 Town Watch
23:50 Forging
26:56 Imperial Age
27:17 Town Patrol
29:37 Conscription
29:10 Elite Varangian Guard
29:36 Gambesons
30:25 Plate Mail Armor
30:30 Iron Casting
29:52 Gold Mining
29:52 Stone Mining
33:40 Caravan
34:44 Blast Furnace
33:55 Onager
35:17 Hoardings
36:48 Hamask
36:49 Northmen's Fury
38:19 Elite Jomsviking
40:20 Siege Onager
48:57 Pikeman
53:09 Elite Jomsviking
Shade_Blade_
7:05 Feudal Age
8:04 Horse Collar
11:01 Wheelbarrow
15:41 Castle Age
14:57 Scale Barding Armor
15:32 Gold Mining
16:22 Heavy Plow
19:51 Bloodlines
19:42 Husbandry
19:13 Light Cavalry
24:52 Ballistics
24:28 Double-Bit Axe
25:51 Svan Towers
25:55 Fletching
26:01 Guard Tower
31:01 Imperial Age
29:30 Bodkin Arrow
30:32 Bow Saw
30:56 Murder Holes
31:27 Forging
31:38 Chain Barding Armor
32:57 Conscription
33:02 Hand Cart
49:26 Hussar
thermal_bull
6:49 Feudal Age
6:47 Loom
7:24 Double-Bit Axe
7:21 Horse Collar
13:54 Castle Age
15:04 Wheelbarrow
14:18 Town Watch
14:54 Bow Saw
14:46 Heavy Plow
20:59 Caravan
31:01 Imperial Age
28:50 Hand Cart
28:36 Town Patrol
28:52 Wagenburg Tactics
32:27 Ballistics
32:04 Murder Holes
33:11 Chemistry
32:36 Elite Hussite Wagon
34:19 Hussite Reforms
34:36 Conscription
34:04 Arrowslits
36:45 Houfnice
36:56 Pikeman
38:07 Forging
37:47 Fletching
38:00 Scale Mail Armor
38:23 Halberdier
39:05 Squires
mmill105
7:58 Feudal Age
9:10 Double-Bit Axe
12:51 Castle Age
12:48 Wheelbarrow
12:39 Gold Mining
14:15 Stone Mining
15:30 Horse Collar
17:54 Bow Saw
19:41 Gold Shaft Mining
19:13 Pikeman
19:15 Man-at-Arms
22:11 Hand Cart
22:52 Murder Holes
23:20 Ballistics
24:32 Atonement
24:49 Long Swordsman
25:58 Sanctity
27:20 Forging
27:00 Fletching
27:12 Scale Mail Armor
27:34 Town Watch
27:34 Loom
32:28 Imperial Age
32:10 Squires
31:55 Arson
32:57 Stone Shaft Mining
32:25 Caravan
32:31 Padded Archer Armor
33:07 Iron Casting
32:28 Bodkin Arrow
33:06 Thumb Ring
32:23 Elite Skirmisher
32:47 Two-Handed Swordsman
34:23 Block Printing
34:37 Illumination
34:05 Champion
36:02 Leather Archer Armor
35:43 Crossbowman
38:08 Arbalester
39:53 Bracer
40:42 Halberdier
42:00 Heavy Rocket Cart
Connection lost

Rejoining the realm…

Still unreachable

The connection could not be restored.

Session expired

The server has moved on; the page needs a fresh start.